 Dungeon Crawl Stone Soup version 0.24.0-13-gcf9b319 (webtiles) character file.

Game seed: 6262604670313744809, levelgen mode: deterministic

250 CBukowski the Chopper (level 6, -1/55 HPs)
             Began as a Hill Orc Monk on Nov 12, 2019.
             Was a Believer of Beogh.
             Slain by an ogre
             ... wielding a +0 giant club
              (21 damage)
             ... on level 4 of the Dungeon.
             The game lasted 00:15:23 (3346 turns).

CBukowski the Chopper (Hill Orc Monk)               Turns: 3346, Time: 00:15:24

Health: -1/55      AC: 12    Str: 18    XL:     6   Next: 13%
Magic:  6/6        EV:  6    Int: 13    God:    Beogh [**....]
Gold:   137        SH:  0    Dex: 13    Spells: 5/5 levels left

rFire    + . .     SeeInvis .   a - +0 hand axe
rCold    + . .     Gourm    .   (no shield)
rNeg     . . .     Faith    .   z - +0 plate armour
rPois    .         Spirit   .   x - +0 helmet {Int+3}
rElec    .         Reflect  .   y - scarf {rC+ rF+}
rCorr    .         Harm     .   (no gloves)
MR       .....                  (no boots)
Stlth    ..........             i - amulet of regeneration
HPRegen  0.58/turn              u - +2 ring of strength
MPRegen  0.10/turn              (no ring)

@: no status effects
A: no striking features
a: Smiting, Renounce Religion


You were on level 4 of the Dungeon.
You worshipped Beogh.
Beogh was pleased with you.
You were not hungry.

You visited 1 branch of the dungeon, and saw 4 of its levels.

You collected 137 gold pieces.

Inventory:

Hand Weapons
 a - a +0 hand axe (weapon)
Missiles
 o - 7 javelins (quivered)
Armour
 b - a +0 robe
 n - a +0 ring mail
 t - a +0 chain mail
 x - a +0 helmet of intelligence (worn)
 y - a scarf of resistance (worn)
 z - a +0 plate armour (worn)
Jewellery
 i - an amulet of regeneration (around neck)
 r - an uncursed amulet of harm {unknown}
 u - a +2 ring of strength (left hand)
Wands
 p - a wand of polymorph (7)
Scrolls
 d - 2 scrolls of enchant armour {unknown}
 e - 2 scrolls of remove curse {unknown}
 j - a scroll of enchant weapon {unknown}
 k - a scroll of immolation {unknown}
 l - 5 scrolls of identify
 m - 4 scrolls of blinking
 q - a scroll of magic mapping {unknown}
 s - 2 scrolls of teleportation
 v - a scroll of fog {unknown}
Potions
 f - a potion of brilliance {unknown}
 g - 2 potions of curing {unknown}
 h - a potion of lignification {unknown}
Comestibles
 c - 4 rations
 w - 4 chunks of flesh


   Skills:
 + Level 4.8 Fighting
 + Level 6.3 Axes
 + Level 2.5 Armour
 + Level 3.0 Dodging
 + Level 2.1 Stealth


You had 5 spell levels left.
You didn't know any spells.
Your spell library was empty.

Dungeon Overview and Level Annotations

Branches:
Dungeon (4/15)
 Temple: D:4-7

Altars:
Ashenzari
Cheibriados
Dithmenos
Fedhas
Gozag
Okawaru
Ru
Vehumet


Message History

You hit the worm.
The worm is almost dead.
The worm bites you.
Some of the chunks of flesh in your inventory have rotted away.
You barely miss the ogre. You hit the worm.
You kill the worm!
Beogh accepts your kill. The ogre barely misses you.
You hit the ogre.
The ogre is lightly wounded.
The ogre hits you with a +0 giant club!!
You slash the ogre!
The ogre is heavily wounded.
You hit the ogre.
The ogre is severely wounded.
The ogre hits you with a +0 giant club!
Your plate armour prevents you from hitting the ogre.
The ogre is severely wounded.
The ogre hits you with a +0 giant club!!
You die...

#.#........... . #..#
#.#.##.#.#.##.. ....##..#
#..........##.. .........
#...#...................#
###........$..#..#..#..##.#
#........÷)##.#............
###.....(#.##.......##.####
#....).†O......#. #.
#......)@......# ...
###.####)####### .... #.#
.... ...... ... #†...#
...... #... #....# ......
#....#....# #..........
#........(##


You could see an ogre.

Vanquished Creatures
  A howler monkey (D:4)
  3 worker ants
  4 adders
  4 worms
  A dart slug (D:1)
  3 leopard geckos
  7 orcs
  A ball python (D:2)
  5 bats
  4 giant cockroaches
  6 goblins
  9 hobgoblins
  8 jackals (D:3)
  7 frilled lizards
  6 kobolds
  A leopard gecko skeleton (D:3)
  5 rats
75 creatures vanquished.

Vanquished Creatures (others)
  An orc priest (D:4)
  2 orcs (D:4)
  A frilled lizard (D:4)
4 creatures vanquished.

Grand Total: 79 creatures vanquished

Notes
Turn   | Place    | Note
-------+----------+-------------------------------------------
     0 | D:1      | CBukowski the Hill Orc Monk began the quest for the Orb.
     0 | D:1      | Reached XP level 1. HP: 19/19 MP: 1/1
   276 | D:1      | Reached XP level 2. HP: 17/27 MP: 2/2
  1145 | D:2      | Reached XP level 3. HP: 29/33 MP: 3/3
  1336 | D:2      | Reached skill level 5 in Axes
  1336 | D:2      | Reached XP level 4. HP: 27/40 MP: 4/4
  1766 | D:2      | Found an opulent altar of Gozag.
  2076 | D:3      | Reached skill level 1 in Armour
  2180 | D:3      | Found an iron altar of Okawaru.
  2181 | D:3      | Found a sacrificial altar of Ru.
  2184 | D:3      | Found a snail-covered altar of Cheibriados.
  2187 | D:3      | Found a radiant altar of Vehumet.
  2187 | D:3      | Found a shattered altar of Ashenzari.
  2327 | D:3      | Reached XP level 5. HP: 47/47 MP: 5/5
  2376 | D:3      | Found a shadowy altar of Dithmenos.
  2780 | D:3      | Found a blossoming altar of Fedhas.
  3139 | D:4      | Reached skill level 6 in Axes
  3249 | D:4      | Reached XP level 6. HP: 49/55 MP: 6/6
  3258 | D:4      | Noticed an orc warrior
  3274 | D:4      | Became a worshipper of Beogh the Brigand
  3274 | D:4      | Reached * piety under Beogh
  3274 | D:4      | Reached ** piety under Beogh
  3346 | D:4      | Slain by an ogre

Levels and vault maps discovered:
D:1:      elethiomel_arrival_shortcut, layout_basic
D:2:      layout_basic, lemuel_crystal_altar
D:3:      layout_basic, lemuel_round_altar, grunt_temple_overflow_open,
          nicolae_dithmenos_shadow_blocks
D:4:      layout_basic, minmay_hedge_maze

Skill      XL: |  1  2  3  4  5 |
---------------+----------------+-----
Fighting       | 4 |  4.8
Axes           | 5 6 |  6.3
Dodging        | 3 |  3.0
Stealth        | 2 |  2.1
Armour         | 1 2 |  2.5

Action                   |  1- 3 |  4- 6 || total
-------------------------+-------+-------++-------
Melee: Hand axe          |    91 |   254 ||   345
Invok: Convert to Beogh  |       |     1 ||     1
  Use: Scroll            |       |     3 ||     3
 Stab: Sleeping          |     2 |       ||     2
  Eat: Ration            |     1 |       ||     1
       Chunk             |       |     5 ||     5
Armor: Robe              |     6 |       ||     6
       Ring mail         |    20 |     2 ||    22
       Chain mail        |       |    98 ||    98
       Plate armour      |       |    53 ||    53
Dodge: Dodged            |    58 |    88 ||   146
